 Dungeon Crawl Stone Soup version 0.26-a0-264-g3a471323bd (webtiles) character file.

Game seed: 12200271337480321844

24 BritishOli the Skirmisher (level 2, -1/24 HPs)
             Began as a Demonspawn Fighter on July 11, 2020.
             Slain by a worm (8 damage)
             ... on level 2 of the Dungeon.
             The game lasted 00:00:33 (1515 turns).

BritishOli the Skirmisher (Demonspawn Fighter)      Turns: 1515, Time: 00:00:34

Health: -1/24      AC:  6    Str: 16    XL:     2   Next: 79%
Magic:  2/2        EV:  6    Int:  9    God:
Gold:   111        SH:  8    Dex: 12    Spells: 1/1 levels left

rFire    . . .     SeeInvis .   a - +0 long sword
rCold    . . .     Faith    .   c - +0 kite shield
rNeg     . . .     Spirit   .   b - +0 scale mail
rPois    .         Reflect  .   j - +0 hat
rElec    .         Harm     .   (no cloak)
rCorr    .                      (no gloves)
MR       .....                  (no boots)
Stlth    ..........             (no amulet)
HPRegen  0.08/turn              (no ring)
MPRegen  0.08/turn              (no ring)

@: heavily drained
A: claws 1
a: no special abilities


You were on level 2 of the Dungeon.
You were not hungry.

You visited 1 branch of the dungeon, and saw 2 of its levels.

You collected 111 gold pieces.

Inventory:

Hand Weapons
 a - a +0 long sword (weapon)
Armour
 b - a +0 scale mail (worn)
 c - a +0 kite shield (worn)
 j - a +0 hat (worn)
Jewellery
 i - an uncursed ring of flight {unknown}
Scrolls
 e - a scroll of enchant armour {unknown}
 g - 2 scrolls of remove curse {unknown}
 l - 2 scrolls of fear {unknown}
 m - a scroll of blinking {unknown}
 n - a scroll of enchant weapon {unknown}
Potions
 d - a potion of might
 h - a potion of curing {unknown}
 k - a potion of magic {unknown}
Comestibles
 f - 11 rations


   Skills:
 + Level 3.3(1.9) Fighting
 + Level 2.1(0.8) Long Blades
 + Level 3.0(1.6) Armour
 + Level 3.0(1.6) Shields


You had one spell level left.
You didn't know any spells.
Your spell library was empty.

Dungeon Overview and Level Annotations

Branches:
Dungeon (2/15)

Altars:


Innate Abilities, Weirdness & Mutations

You have sharp fingernails.


Message History

The worm is heavily wounded.
The worm bites you.
Your shield prevents you from hitting the worm.
The worm is heavily wounded.
The worm bites you!
You are too injured to fight recklessly!
You are too injured to fight recklessly!
You are too injured to fight recklessly!
You are too injured to fight recklessly!
You hit the worm.
The worm is severely wounded.
The worm bites you.
* * * LOW HITPOINT WARNING * * *
You hit the worm but do no damage.
The worm is severely wounded.
The worm bites you but does no damage.
Your shield and scale mail prevent you from hitting the worm.
The worm is severely wounded.
The worm bites you!
You die...

....# .... #.[.##.#...
#######...#...#.#
#.........#..... ###
#.............# ..#
#...........##### #.#
#.........w...... #.#
#........@†...# #.#
#...............[ ..#
#.............#.# .##
#........#.#..... )#
####.###.........
.##########.............
..........†.........#...
..###############...#...
..#


You could see a worm.

Vanquished Creatures
  A dart slug (D:2)
  A leopard gecko (D:2)
  A hobgoblin (D:1)
  6 kobolds (D:1)
  6 bats
  3 goblins
  2 rats
20 creatures vanquished.

Notes
Turn   | Place    | Note
-------+----------+-------------------------------------------
     0 | D:1      | BritishOli the Demonspawn Fighter began the quest for the
                  | Orb.
     0 | D:1      | Reached XP level 1. HP: 18/18 MP: 1/1
   507 | D:1      | Gained mutation: You have sharp fingernails. [demonic
                  | ancestry]
   507 | D:1      | Reached XP level 2. HP: 24/24 MP: 2/2
  1515 | D:2      | Slain by a worm

Illustrated notes

Levels and vault maps discovered:
D:1:      lightli_arrival_farm, layout_basic
D:2:      layout_basic, first_ration, hangedman_decor_lopped, uniq_robin

Skill      XL: |  1  2 |
---------------+-------+-----
Long Blades    | 2 |  2.1
Armour         | 3 |  3.0
Shields        | 3 |  3.0
Fighting       | |  3.3

Action                   || total
-------------------------++-------
Melee: Long sword        ||    78
  Eat: Ration            ||     1
Armor: Scale mail        ||    45
Dodge: Dodged            ||    26
Block: Kite shield       ||    46
       Rpst.: Long sword ||     9

Table legend:
 A = Non-vault XP
 B = Vault XP
 C = Vault XP percentage of total XP
 D = Non-vault monster count
 E = Vault monster count
 F = Vault count percentage of total count
                 A         B        C        D         E       F
            +---------+---------+-------+---------+---------+-------
      Total |      35 |       0 |   0.0 |      20 |       0 |   0.0
            +---------+---------+-------+---------+---------+-------
        D:1 |      23 |       0 |   0.0 |      15 |       0 |   0.0
        D:2 |      12 |       0 |   0.0 |       5 |       0 |   0.0
            +---------+---------+-------+---------+---------+-------
